 Dungeon Crawl Stone Soup version 0.30.0-5-g1a98f26d00 (webtiles) character file.

Game seed: 17478441387164442505

5298 voltaire321 the Sneak (level 10, -3/74 HPs)
             Began as a Demonspawn Artificer on May 8, 2023.
             Was a Believer of Makhleb.
             Slain by an orc warlord
             ... wielding a +5 broad axe
              (28 damage)
             ... in a bailey.
             The game lasted 00:29:22 (8135 turns).

voltaire321 the Sneak (Demonspawn Artificer)        Turns: 8135, Time: 00:29:23

Health: -3/74      AC: 23    Str: 16    XL:     10   Next: 37%
Magic:  13/13      EV: 10    Int: 13    God:    Makhleb [**....]
Gold:   299        SH: 11    Dex: 27    Spells: 9/9 levels left

rFire   . . .        s - +6 dagger of Ragnarok {speed, Dex+7 Stlth+}
rCold   . . .        h - +0 buckler
rNeg    + . .        r - +0 chain mail of Moral Flaws {rN+ Dex+3 Slay+3}
rPois   .            y - +0 helmet
rElec   .            (no cloak)
rCorr   .            N - +1 pair of gloves {Dex+3}
SInv    .            A - +1 pair of boots {Stlth+}
Will    .....        (no amulet)
Stlth   ++++         w - +4 ring of protection
HPRegen 0.32/turn    (no ring)
MPRegen 0.13/turn

%: no passive effects
@: about to teleport
A: demonic guardian 2, icemail 1, condensation shield, weakness stinger 2
a: Renounce Religion, Minor Destruction


You were in a bailey.
You worshipped Makhleb.
Makhleb was pleased with you.
You visited 2 branches of the dungeon, and saw 9 of its levels.
You also visited: Sewer and Bailey.

You collected 519 gold pieces.
You spent 220 gold pieces at shops.

Inventory:

Hand Weapons
 s - the +6 dagger of Ragnarok (weapon) {speed, Dex+7 Stlth+}
   (You found it on level 2 of the Dungeon)

   Dex:       It affects your dexterity (+7).
   Stlth:     It makes you more stealthy.
 x - a +0 broad axe
 J - a +0 rapier
Missiles
 f - 24 poisoned darts
 o - 7 boomerangs (quivered)
Armour
 h - a +0 buckler (worn)
 r - the +0 chain mail of Moral Flaws (worn) {rN+ Dex+3 Slay+3}
   (You found it on level 2 of the Dungeon)

   Dex:       It affects your dexterity (+3).
   Slay:      It affects your accuracy & damage with ranged weapons and melee
   (+3).
   rN:        It protects you from negative energy.
 y - a +0 helmet (worn)
 A - a +1 pair of boots of stealth (worn)
 N - a +1 pair of gloves of dexterity (worn)
Magical Staves
 b - a staff of earth
 j - a staff of conjuration
Jewellery
 w - a +4 ring of protection (left hand)
 K - a ring of positive energy
Wands
 c - a wand of flame (23)
 d - a wand of charming (10)
 e - a wand of iceblast (14)
 C - a wand of light (6)
 M - a wand of digging (4)
 O - a wand of polymorph (13)
Scrolls
 a - 3 scrolls of identify
 g - a scroll of enchant armour {unknown}
 n - 2 scrolls of vulnerability {unknown}
 q - 2 scrolls of enchant weapon {unknown}
 v - 6 scrolls of teleportation
 D - a scroll of magic mapping
 E - 2 scrolls of poison {unknown}
 F - 6 scrolls of fear {unknown}
 H - a scroll of fog {unknown}
 I - 2 scrolls of amnesia {unknown}
 P - a scroll of blinking {unknown}
Potions
 i - a potion of heal wounds
 k - a potion of ambrosia
 l - 2 potions of resistance
 m - 3 potions of might
 p - 6 potions of curing
 t - 2 potions of haste
 u - a potion of lignification
 z - a potion of brilliance
 B - 2 potions of invisibility
 G - 5 potions of flight
 L - 2 potions of berserk rage {unknown}
 Q - a potion of cancellation {unknown}


   Skills:
 + Level 5.3 Fighting
 * Level 6.1 Short Blades
 + Level 5.2 Armour
 + Level 4.7 Dodging
 * Level 6.9 Stealth
 - Level 5.0 Shields
 + Level 4.3 Invocations
 - Level 5.0 Evocations


You had 9 spell levels left.
You didn't know any spells.
Your spell library contained the following spells:

 Spells                   Type           Power      Damage    Failure   Level
 Summon Small Mammal      Summ           0%         N/A       99%         1
 Call Canine Familiar     Summ           0%         N/A       100%        3
 Ignite Poison            Fire/Tmut/Pois 0%         N/A       100%        3
 Inner Flame              Hex/Fire       0%         N/A       100%        3
 Ozocubu's Armour         Ice            0%         N/A       100%        3
 Summon Guardian Golem    Hex/Summ       0%         N/A       100%        3
 Flame Wave               Conj/Fire      0%         2d4       100%        4
 Sticky Flame             Conj/Fire      0%         2d3       100%        4
 Ozocubu's Refrigeration  Ice            0%         4d7       100%        7
 Ignition                 Fire           0%         3d3       100%        8


Dungeon Overview and Level Annotations

Branches:
Dungeon (8/15)             Temple (1/1) D:7           Sewer (visited)
 Bailey (1/1)
   Lair: D:8-11

Altars:
Ashenzari
Cheibriados
Dithmenos
Gozag
Hepliaklqana
Makhleb
Nemelex Xobeh
Qazlal
Ru
Sif Muna
Trog
Yredelemnul

Shops:
D:1 [   D:6 *


Innate Abilities, Weirdness & Mutations

A demonic guardian rushes to your aid.
A meltable icy envelope protects you from harm. (AC +4)
A meltable shield of frost defends you. (SH +4)
You have a tail ending in a sharp stinger.


Message History

The orc warlord is almost dead.
You hit the orc warlord but do no damage.
Your tail-slap misses the orc warlord.
The orc warlord is almost dead.
The orc warrior hits you but does no damage.
The orc warrior hits you with a +0 broad axe.
The orc warlord hits you with a +5 broad axe!
You hit the orc warlord.
Your tail-slap misses the orc warlord.
The orc warlord is almost dead.
You hit the orc warlord but do no damage.
The orc warlord is almost dead.
You block the orc warrior's attack. The orc warrior barely misses you.
The orc warlord hits you with a +5 broad axe!
You hit the orc warlord but do no damage.
The orc warlord is almost dead.
You hit the orc warlord.
You tail-slap the orc warlord, but do no damage.
The orc warlord is almost dead.
You block the orc warrior's attack.
The orc warrior hits you with a +0 broad axe!
The orc warlord hits you with a +5 broad axe!
A demonic guardian appears!
You feel much better. The orc warrior barely misses you.
The orc warrior hits your rust devil with a +0 broad axe!
The orc warlord hits you with a +5 broad axe!
The orc warlord hits your rust devil with a +5 broad axe!!
The orc warrior hits you with a +0 war axe!
Your rust devil closely misses the orc warlord.
The orc warlord attacks as you move away!
You block the orc warlord's attack.
The orc warlord hits your rust devil with a +5 broad axe!
The orc warrior attacks as you move away!
The orc warrior barely misses you.
The orc warrior hits your rust devil but does no damage.
As you read the scroll of teleportation, it crumbles to dust.
You feel strangely unstable.
The orc warrior hits you with a +0 broad axe!
The orc warrior barely misses your rust devil.
The orc warlord hits you with a +5 broad axe!!
You die...

...## ##.......## ...#
#.......# ..## ##..).)##
###...........####)##
..##...).....##....)##
...#.....)...#.......#
...##.......##.......##
....# ..)). #.........#
....###... ##...@.....##
.....###o###..ooo⌠.....#
))..##88o88##..4).....##
))..#....o..#..)......#
.).##.......##.......##
...'......o..'.......#
..##.........##.....##
###.....⌠.....#######
##.........##


You could see an orc warlord (ally target), 2 orc warriors and a friendly rust
devil (summoned).

Vanquished Creatures
  The ghost of zlionsfan the Sneak, a novice OpWr of Dithmenos (D:7)
  A moth of wrath (D:7)
  A wyvern (D:7)
  A steam dragon (D:7)
  Duvessa (D:5)
  2 water moccasins
  2 ice beasts
  7 orc warriors (Bailey)
  3 black bears
  A sky beast (D:7)
  An ogre (D:5)
  3 phantoms
  2 centaurs
  A kobold brigand (D:7)
  A bullfrog (D:7)
  2 gnoll sergeants
  2 scorpions (D:5)
  Dowan (D:5)
  4 killer bees (D:7)
  2 howler monkeys
  4 hounds
  6 orc priests
  A gnoll bouda (D:6)
  4 iguanas
  A sleepcap (D:7)
  3 orc wizards
  10 adders
  20 gnolls
  3 river rats (Sewer)
  A shadow imp (D:6)
  A white imp (D:5)
  6 worms
  3 dart slugs
  30 orcs
  10 ball pythons
  9 bats
  6 endoplasms
  3 giant cockroaches
  15 goblins
  20 hobgoblins
  A jackal (Sewer)
  3 quokkas
  7 frilled lizards
  14 kobolds
  8 rats
228 creatures vanquished.

Vanquished Creatures (collateral kills)
  An orc knight (Bailey)
  A gnoll bouda (D:6)
  An orc wizard (D:7)
  2 gnolls
  An orc (D:7)
6 creatures vanquished.

Vanquished Creatures (others)
  3 orc warriors (Bailey)
3 creatures vanquished.

Grand Total: 237 creatures vanquished

Notes
Turn   | Place    | Note
-------+----------+-------------------------------------------
     0 | D:1      | voltaire321 the Demonspawn Artificer began the quest for
                  | the Orb.
     0 | D:1      | Reached XP level 1. HP: 15/15 MP: 1/1
    87 | D:1      | Reached skill level 1 in Dodging
   170 | D:1      | Gained mutation: A meltable shield of frost defends you.
                  | (SH +4) [demonic ancestry]
   170 | D:1      | Reached XP level 2. HP: 20/21 MP: 2/2
   472 | D:1      | Found Suad's Armour Emporium.
   577 | D:1      | Reached XP level 3. HP: 16/27 MP: 3/3
   674 | D:1      | Found a faded altar of an unknown god.
  1055 | D:2      | Found a broken altar of Ashenzari.
  1067 | D:2      | Identified the +3 dagger "Neitsar" {distort, rElec rF- SInv
                  | Stlth+}
  1405 | D:2      | Identified the +0 chain mail of Moral Flaws {rN+ Dex+3
                  | Slay+3}
  1575 | D:2      | Reached XP level 4. HP: 28/33 MP: 4/4
  1669 | D:2      | Identified the +6 dagger of Ragnarok {speed, Dex+7 Stlth+}
  1792 | D:3      | Reached skill level 1 in Stealth
  2542 | D:4      | Found a sacrificial altar of Ru.
  2557 | D:4      | Gained mutation: A meltable icy envelope protects you from
                  | harm. (AC +4) [demonic ancestry]
  2557 | D:4      | Reached XP level 5. HP: 39/39 MP: 5/5
  2761 | D:4      | Noticed a black bear
  2774 | D:4      | Killed a black bear
  2775 | D:4      | Reached skill level 1 in Short Blades
  2775 | D:4      | Reached skill level 1 in Shields
  2848 | D:4      | Gained mutation: A weak demonic guardian rushes to your
                  | aid. [demonic ancestry]
  2848 | D:4      | Reached XP level 6. HP: 46/46 MP: 6/6
  2957 | D:1      | Bought a +1 pair of boots of stealth for 165 gold pieces
  3338 | D:5      | Entered Level 5 of the Dungeon
  3699 | D:5      | Gained mutation: A demonic guardian rushes to your aid.
                  | [demonic ancestry]
  3699 | D:5      | Reached XP level 7. HP: 51/51 MP: 7/7
  3727 | D:5      | Noticed Dowan
  3729 | D:5      | Noticed Duvessa
  3753 | D:5      | Killed Duvessa
  3780 | D:5      | Killed Dowan
  4485 | D:6      | Found Ymiyhoaz's General Store.
  4490 | D:6      | Bought a potion of curing for 33 gold pieces
  4490 | D:6      | Bought a scroll of identify for 22 gold pieces
  4510 | D:6      | Gained mutation: You have a small tail. [demonic ancestry]
  4510 | D:6      | Reached XP level 8. HP: 58/58 MP: 8/8
  4659 | D:6      | Found a glowing drain.
  4679 | Sewer    | Entered a sewer
  5231 | D:6      | Found a hazy altar of Hepliaklqana.
  6173 | D:7      | Found a bloodstained altar of Trog.
  6191 | D:7      | Found a staircase to the Ecumenical Temple.
  6206 | Temple   | Entered the Ecumenical Temple
  6276 | Temple   | Became a worshipper of Makhleb the Destroyer
  6349 | D:7      | Reached skill level 5 in Evocations
  6349 | D:7      | Reached XP level 9. HP: 48/65 MP: 9/9
  6434 | D:7      | Reached skill level 5 in Stealth
  6439 | D:7      | Reached skill level 1 in Invocations
  6913 | D:7      | Found a transporter.
  6915 | D:7      | Noticed zlionsfan's ghost (novice OpWr)
  6926 | D:7      | Found a transporter.
  6933 | D:7      | Noticed a moth of wrath
  6944 | D:7      | Killed a moth of wrath
  6951 | D:7      | Reached skill level 5 in Short Blades
  6958 | D:7      | Reached skill level 5 in Shields
  6969 | D:7      | Killed zlionsfan's ghost
  6969 | D:7      | Reached * piety under Makhleb
  7087 | D:7      | Gained mutation: You have a tail ending in a sharp stinger.
                  | [demonic ancestry]
  7087 | D:7      | Reached XP level 10. HP: 73/73 MP: 12/12
  7215 | D:7      | Found a stormy altar of Qazlal.
  7300 | D:7      | Reached skill level 5 in Fighting
  7601 | D:8      | Found a flagged portal.
  7623 | Bailey   | Entered a bailey
  7787 | Bailey   | Reached ** piety under Makhleb
  7792 | Bailey   | Reached skill level 5 in Armour
  7833 | Bailey   | Noticed an orc knight
  7865 | Bailey   | Killed an orc knight
  8092 | Bailey   | Noticed an orc warlord
  8135 | Bailey   | Slain by an orc warlord

Illustrated notes

Levels and vault maps discovered:
D:1:      erik_arrival_orb_chamber, layout_loops_ring, serial_shops, shop,
          shapermc_ecumenical_altar_mp_vishouse, nicolae_wormholes
D:2:      layout_basic, basic_altar, minmay_statues_item, glass_columns_a,
          skrybe_limestone_x, minmay_tromino_v4_a
D:3:      layout_loops_ring, elyvilon_altar_1, kennysheep_generic_room_9
D:4:      layout_basic, lemuel_doored_altar
D:5:      layout_basic, uniq_duvessa
D:6:      layout_loops_corners, nicolae_hepliaklqana_hazy_memory,
          cheibrodos_sewer_entry_drain, serial_shops, nicolae_shop_hallway_plus,
          kennysheep_generic_room_7
D:7:      layout_gridville, mainiacjoe_overflow_swirl, minmay_temple_entry_tees,
          gammafunk_ghost_berserking_beasts, kennysheep_opposing_triangles
D:8:      layout_loops_ring, nicolae_uskayaw_dance_studio, enter_bailey_2
Temple:   eino_temple_water
Bailey:   bailey_axe_minmay_hex_keep, bailey

Skill      XL: |  1  2  3  4  5  6  7  8  9 10 |
---------------+-------------------------------+-----
Dodging        | 1 2 3 4 |  4.7
Armour         | 2 3 4 5 |  5.2
Fighting       | 2 3 4 5 |  5.3
Stealth        | 1 2 3 4 6 |  6.9
Short Blades   | 1 2 3 4 5 6 |  6.1
Shields        | 1 2 3 4 5 |  5.0
Evocations     | 4 5 |  5.0
Invocations    | 3 4 |  4.3

Action                     |  1- 3 |  4- 6 |  7- 9 | 10-12 || total
---------------------------+-------+-------+-------+-------++-------
  Melee: Whip              |    19 |       |       |       ||    19
         Short sword       |   158 |     5 |       |       ||   163
         Punch             |     3 |       |       |       ||     3
         Dagger            |       |   108 |   328 |   175 ||   611
         Tailslap          |       |       |    43 |    23 ||    66
  Throw: Dart              |    16 |    16 |       |       ||    32
         Boomerang         |     5 |    25 |    16 |     1 ||    47
  Evoke: Wand              |       |       |     2 |    12 ||    14
    Use: Scroll            |       |       |     7 |     4 ||    11
         Potion            |       |       |     4 |     1 ||     5
   Stab: Sleeping          |       |       |     6 |     1 ||     7
         Distracted        |       |       |     1 |       ||     1
 Armour: Leather armour    |    35 |       |       |       ||    35
         Chain mail        |    13 |    47 |   163 |    38 ||   261
  Dodge: Dodged            |    84 |    19 |    79 |    50 ||   232
  Block: Other             |    25 |       |       |       ||    25
         Buckler           |       |    40 |   153 |    57 ||   250
